[ AOE2 MATCH · #459049597 ]
1v1 RMRomans vs Georgians
Player's team · WIN
[ REPLAY ANALYSIS · EXTRACTED FROM THE RECORDED GAME ]
Feudal
11:48
Castle
15:43
Imperial
30:39
| APM avg | 20.4 |
| APM peak | 59 |
| eAPM avg | 15.0 |
| Villagers / military | 131 / 140 |
Focus
⚔️ 35.8% · 🌾 64.2%
Spearman ×74 · Scorpion ×58 · Archer ×3 · Trebuchet (Packed) ×3 · Monk ×1 · Mangonel ×1
Feudal
10:13
Castle
14:21
Imperial
33:04
| APM avg | 26.1 |
| APM peak | 58 |
| eAPM avg | 16.3 |
| Villagers / military | 118 / 74 |
Focus
⚔️ 24.0% · 🌾 76.0%
Knight ×30 · Monaspa ×14 · Mangonel ×11 · Hand Cannoneer ×5 · Monk ×4 · Trebuchet (Packed) ×4
Match map
Initial resources + every placement click. Lines = walls · curves = elevation contours. ◆ gold · ⬟ stone · ● berries · ✦ relic · ◌ wall gap
Inputs per minute
— Biggus Dichus - - The Bean Baron
Build order — Biggus Dichus
First 150 of 368 actions detected
| 0:00 | Create | Villager (Male) |
| 0:01 | Create | Villager (Male) |
| 0:01 | Create | Villager (Male) |
| 0:01 | Create | Villager (Male) |
| 0:02 | Build | House |
| 0:04 | Build | House |
| 1:30 | Create | Villager (Male) |
| 1:44 | Build | Lumber Camp |
| 2:01 | Create | Villager (Male) |
| 2:20 | Create | Villager (Male) |
| 2:55 | Create | Villager (Male) |
| 3:12 | Create | Villager (Male) |
| 3:25 | Build | House |
| 3:44 | Build | Mill |
| 3:48 | Create | Villager (Male) |
| 4:04 | Create | Villager (Male) |
| 4:33 | Create | Villager (Male) |
| 4:33 | Create | Villager (Male) |
| 4:40 | Create | Villager (Male) |
| 4:40 | Create | Villager (Male) |
| 5:15 | Create | Villager (Male) |
| 5:44 | Build | House |
| 5:46 | Build | House |
| 5:52 | Create | Villager (Male) |
| 5:52 | Create | Villager (Male) |
| 5:52 | Create | Villager (Male) |
| 6:27 | Create | Villager (Male) |
| 6:27 | Create | Villager (Male) |
| 6:28 | Create | Villager (Male) |
| 6:44 | Build | Barracks |
| 7:11 | Create | Villager (Male) |
| 7:11 | Create | Villager (Male) |
| 7:50 | Build | Lumber Camp |
| 7:59 | Build | Lumber Camp |
| 8:02 | Create | Villager (Male) |
| 8:02 | Create | Villager (Male) |
| 8:42 | Create | Villager (Male) |
| 8:43 | Create | Villager (Male) |
| 9:02 | Build | Mining Camp |
| 9:20 | Research | Feudal Age |
| 9:50 | Build | House |
| 10:44 | Build | House |
| 11:09 | Build | Farm |
| 11:10 | Build | Farm |
| 11:10 | Build | Farm |
| 11:11 | Build | Farm |
| 11:12 | Build | Farm |
| 11:45 | Create | Villager (Male) |
| 11:45 | Create | Villager (Male) |
| 11:46 | Research | Loom |
| 11:48 | Age | Feudal Age |
| 11:50 | Build | Archery Range |
| 12:08 | Build | Blacksmith |
| 12:37 | Build | Farm |
| 12:37 | Build | Farm |
| 12:53 | Research | Castle Age |
| 13:02 | Build | Farm |
| 13:06 | Create | Spearman |
| 13:11 | Create | Archer |
| 13:17 | Create | Archer |
| 13:34 | Build | Farm |
| 13:37 | Research | Double-Bit Axe |
| 13:57 | Build | Farm |
| 14:11 | Create | Archer |
| 14:28 | Create | Spearman |
| 14:57 | Create | Villager (Male) |
| 14:58 | Create | Villager (Male) |
| 15:20 | Create | Spearman |
| 15:20 | Create | Spearman |
| 15:25 | Research | Scale Mail Armor |
| 15:42 | Build | House |
| 15:43 | Age | Castle Age |
| 15:44 | Build | House |
| 15:58 | Create | Villager (Male) |
| 16:03 | Build | Town Center |
| 16:24 | Create | Spearman |
| 16:25 | Create | Spearman |
| 16:41 | Research | Horse Collar |
| 16:49 | Build | Farm |
| 16:50 | Build | Farm |
| 16:50 | Build | Farm |
| 16:58 | Create | Villager (Male) |
| 16:59 | Create | Villager (Male) |
| 17:08 | Build | Monastery |
| 17:26 | Research | Pikeman (upgrade) |
| 17:39 | Create | Villager (Male) |
| 17:50 | Create | Monk |
| 17:53 | Create | Villager (Male) |
| 17:53 | Create | Villager (Male) |
| 17:56 | Build | Farm |
| 18:08 | Create | Villager (Male) |
| 18:16 | Build | Farm |
| 18:27 | Create | Villager (Male) |
| 18:33 | Build | Farm |
| 18:37 | Build | House |
| 18:38 | Build | House |
| 18:40 | Create | Villager (Male) |
| 18:40 | Create | Villager (Male) |
| 18:56 | Create | Villager (Male) |
| 18:59 | Build | Farm |
| 18:59 | Build | Farm |
| 19:08 | Create | Villager (Male) |
| 19:09 | Create | Villager (Male) |
| 19:11 | Build | Farm |
| 19:12 | Build | Farm |
| 19:12 | Build | Farm |
| 19:23 | Create | Spearman |
| 19:28 | Build | House |
| 19:29 | Build | House |
| 19:31 | Create | Villager (Male) |
| 19:46 | Create | Villager (Male) |
| 19:47 | Create | Villager (Male) |
| 20:08 | Create | Villager (Male) |
| 20:16 | Research | Bow Saw |
| 20:33 | Create | Villager (Male) |
| 20:34 | Create | Villager (Male) |
| 20:45 | Create | Villager (Male) |
| 21:01 | Create | Villager (Male) |
| 21:09 | Build | Farm |
| 21:09 | Build | Farm |
| 21:11 | Create | Villager (Male) |
| 21:11 | Create | Villager (Male) |
| 21:30 | Research | Wheelbarrow |
| 21:36 | Build | Farm |
| 21:37 | Build | Farm |
| 21:38 | Build | Farm |
| 21:49 | Research | Heavy Plow |
| 21:54 | Build | House |
| 21:56 | Build | House |
| 21:59 | Create | Villager (Male) |
| 22:40 | Create | Villager (Male) |
| 22:41 | Create | Villager (Male) |
| 22:41 | Create | Villager (Male) |
| 22:41 | Create | Villager (Male) |
| 22:52 | Create | Villager (Male) |
| 23:00 | Build | Siege Workshop |
| 23:07 | Create | Villager (Male) |
| 23:13 | Build | Siege Workshop |
| 23:19 | Build | Farm |
| 23:30 | Create | Villager (Male) |
| 23:46 | Build | Farm |
| 23:47 | Build | Farm |
| 24:00 | Create | Villager (Male) |
| 24:00 | Create | Villager (Male) |
| 24:15 | Create | Villager (Male) |
| 24:26 | Build | Siege Workshop |
| 24:32 | Create | Mangonel |
| 24:41 | Create | Villager (Male) |
| 25:05 | Create | Villager (Male) |
| 25:05 | Create | Villager (Male) |
Build order — The Bean Baron
First 150 of 327 actions detected
| 0:01 | Create | Villager (Male) |
| 0:01 | Create | Villager (Male) |
| 0:01 | Create | Villager (Male) |
| 0:01 | Create | Villager (Male) |
| 0:03 | Build | House |
| 0:05 | Build | House |
| 1:41 | Create | Villager (Male) |
| 2:08 | Create | Villager (Male) |
| 2:12 | Build | House |
| 2:14 | Build | House |
| 2:32 | Create | Villager (Male) |
| 2:32 | Create | Villager (Male) |
| 2:39 | Build | Mill |
| 3:03 | Create | Villager (Male) |
| 3:03 | Create | Villager (Male) |
| 3:17 | Create | Villager (Male) |
| 4:14 | Create | Villager (Male) |
| 4:15 | Create | Villager (Male) |
| 4:28 | Create | Villager (Male) |
| 5:13 | Create | Villager (Male) |
| 5:42 | Create | Villager (Male) |
| 6:06 | Create | Villager (Male) |
| 6:26 | Create | Villager (Male) |
| 6:51 | Create | Villager (Male) |
| 7:23 | Build | House |
| 7:28 | Create | Villager (Male) |
| 7:41 | Research | Feudal Age |
| 8:39 | Build | Barracks |
| 10:00 | Create | Villager (Male) |
| 10:00 | Create | Villager (Male) |
| 10:13 | Age | Feudal Age |
| 10:21 | Build | Stable |
| 10:34 | Build | Blacksmith |
| 11:12 | Create | Villager (Male) |
| 11:41 | Research | Castle Age |
| 12:08 | Build | House |
| 12:18 | Build | Market |
| 12:27 | Research | Horse Collar |
| 12:32 | Build | Farm |
| 12:35 | Build | Farm |
| 12:55 | Build | Farm |
| 13:00 | Build | Farm |
| 13:20 | Build | Farm |
| 13:27 | Create | Villager (Male) |
| 13:36 | Create | Scout Cavalry |
| 13:49 | Create | Villager (Male) |
| 14:05 | Create | Spearman |
| 14:18 | Research | Loom |
| 14:19 | Research | Double-Bit Axe |
| 14:21 | Age | Castle Age |
| 14:50 | Create | Spearman |
| 15:00 | Build | Town Center |
| 15:13 | Create | Villager (Male) |
| 15:41 | Create | Villager (Male) |
| 15:46 | Build | Farm |
| 16:12 | Create | Knight |
| 16:24 | Build | Town Center |
| 16:28 | Create | Villager (Male) |
| 16:33 | Create | Villager (Male) |
| 16:59 | Build | Monastery |
| 17:08 | Create | Knight |
| 17:25 | Create | Villager (Male) |
| 17:36 | Build | Farm |
| 17:36 | Build | Farm |
| 17:55 | Create | Villager (Male) |
| 18:14 | Create | Villager (Male) |
| 18:18 | Create | Villager (Male) |
| 18:34 | Create | Monk |
| 18:44 | Build | Siege Workshop |
| 18:55 | Create | Villager (Male) |
| 19:00 | Build | Farm |
| 19:05 | Build | Farm |
| 19:10 | Create | Monk |
| 19:33 | Create | Scorpion |
| 20:06 | Create | Villager (Male) |
| 20:07 | Create | Villager (Male) |
| 20:08 | Create | Villager (Male) |
| 20:20 | Create | Villager (Male) |
| 20:20 | Create | Villager (Male) |
| 20:22 | Create | Knight |
| 20:38 | Build | House |
| 20:39 | Build | House |
| 20:40 | Build | House |
| 20:41 | Build | House |
| 20:41 | Build | House |
| 21:14 | Create | Villager (Male) |
| 21:15 | Create | Villager (Male) |
| 21:26 | Create | Villager (Male) |
| 21:27 | Create | Villager (Male) |
| 21:39 | Create | Villager (Male) |
| 21:53 | Create | Villager (Male) |
| 22:03 | Build | Farm |
| 22:03 | Build | Farm |
| 22:03 | Build | Farm |
| 22:04 | Build | Farm |
| 22:04 | Build | Farm |
| 22:04 | Build | Farm |
| 22:14 | Research | Bow Saw |
| 22:20 | Research | Heavy Plow |
| 23:05 | Create | Villager (Male) |
| 23:05 | Create | Villager (Male) |
| 23:24 | Create | Scorpion |
| 23:45 | Create | Villager (Male) |
| 23:45 | Create | Villager (Male) |
| 23:46 | Create | Villager (Male) |
| 23:46 | Research | Wheelbarrow |
| 24:22 | Create | Scorpion |
| 24:24 | Create | Monk |
| 24:30 | Create | Villager (Male) |
| 24:30 | Create | Villager (Male) |
| 24:30 | Create | Villager (Male) |
| 24:48 | Create | Villager (Male) |
| 24:48 | Create | Villager (Male) |
| 24:49 | Research | Town Watch |
| 24:54 | Build | Farm |
| 24:54 | Build | Farm |
| 24:54 | Build | Farm |
| 24:55 | Build | Farm |
| 25:00 | Research | Gold Mining |
| 25:37 | Create | Villager (Male) |
| 25:37 | Create | Villager (Male) |
| 25:55 | Create | Villager (Male) |
| 25:55 | Create | Villager (Male) |
| 25:55 | Create | Villager (Male) |
| 25:56 | Create | Villager (Male) |
| 26:11 | Create | Villager (Male) |
| 26:11 | Create | Villager (Male) |
| 26:21 | Build | Farm |
| 26:21 | Build | Farm |
| 26:22 | Build | Farm |
| 26:23 | Create | Villager (Male) |
| 26:31 | Build | House |
| 26:32 | Build | House |
| 26:32 | Build | House |
| 26:32 | Build | House |
| 26:33 | Build | House |
| 26:34 | Build | House |
| 26:48 | Create | Villager (Male) |
| 26:48 | Create | Villager (Male) |
| 27:12 | Create | Villager (Male) |
| 27:13 | Create | Villager (Male) |
| 27:13 | Create | Villager (Male) |
| 27:13 | Create | Villager (Male) |
| 27:13 | Create | Villager (Male) |
| 27:14 | Create | Villager (Male) |
| 27:14 | Create | Villager (Male) |
| 27:22 | Build | Farm |
| 27:22 | Build | Farm |
| 27:35 | Create | Villager (Male) |
| 27:36 | Create | Villager (Male) |
Match timeline
| 6:44 | Biggus Dichus · first_building Barracks |
| 8:39 | The Bean Baron · first_building Barracks |
| 10:13 | The Bean Baron · age_up feudal |
| 10:21 | The Bean Baron · first_building Stable |
| 11:48 | Biggus Dichus · age_up feudal |
| 11:50 | Biggus Dichus · first_building Archery Range |
| 14:21 | The Bean Baron · age_up castle |
| 15:43 | Biggus Dichus · age_up castle |
| 16:11 | The Bean Baron · first_market_buy 100 food |
| 16:59 | The Bean Baron · first_building Monastery |
| 17:08 | Biggus Dichus · first_building Monastery |
| 18:32 | The Bean Baron · first_market_sell 100 wood |
| 18:44 | The Bean Baron · first_building Siege Workshop |
| 23:00 | Biggus Dichus · first_building Siege Workshop |
| 25:42 | Biggus Dichus · first_building Castle |
| 28:12 | The Bean Baron · first_building Castle |
| 29:44 | Biggus Dichus · wall_segment Stone Wall x11 |
| 29:45 | Biggus Dichus · wall_segment Stone Wall x9 |
| 29:52 | Biggus Dichus · wall_segment Stone Wall x12 |
| 30:39 | Biggus Dichus · age_up imperial |
| 31:47 | The Bean Baron · first_building Archery Range |
| 32:22 | Biggus Dichus · wall_segment Stone Wall x13 |
| 33:04 | The Bean Baron · age_up imperial |
| 41:33 | Biggus Dichus · first_market_sell 500 wood |
| 42:05 | The Bean Baron · resign |
[ AI ANALYSIS · 1 CREDIT ]
What really happened in this match?
Wolo.gg analyzes every decision: build order, eco, micro, common mistakes by bracket. Personalized analysis on WhatsApp or Discord in 30 seconds.
Civ guide
Romans
Map guide
Arena
Perfil
Jugador #19081665